 Dungeon Sprint DCSS version 0.31-a0-799-g6bc09d010c (webtiles) character file.

Game seed: 5014846104350485692

59 sircluck the Ruffian (level 3, 0/60 HPs)
             Began as a Troll Berserker on Sept 19, 2023.
             Was a Believer of Trog.
             Drowned by a water elemental (3 damage)
             ... in the Dungeon (Sprint III: "The Ten Rune Challenge").
             The game lasted 00:00:24 (96 turns).

sircluck the Ruffian (Troll Berserker)                Turns: 96, Time: 00:00:25

Health: 0/60       AC:  4    Str: 26    XL:     3   Next: 78%
Magic:  2/2        EV: 11    Int:  2    God:    Trog [**....]
Gold:   16         SH:  0    Dex: 13    Spells: 2/2 levels left

rFire   . .          .
                       - Unarmed
rCold   . . .        (no shield)
rNeg    . . .        a - +0 animal skin
rPois   .            (helmet restricted)
rElec   .            (no cloak)
rCorr   .            (gloves unavailable)
SInv    .            (boots unavailable)
Will    +....        (no amulet) Stlth
                     (no ring)
HPRegen 1.10/turn    (no ring)
MPRegen 0.08/turn

%: no teleportation
@: berserking, engulfed (cannot breathe), very quick
A: large, unfitting armour, claws 3, regeneration 1, shaggy fur 1, tough skin 1,
agile 1, strong-willed 1
a: Renounce Religion, Berserk, Trog's Hand


You were in the Dungeon.
You worshipped Trog.
Trog was pleased with you.
You visited 1 branch You collected 16 gold pieces.

Inventory:

Armour
 a - a +0 animal skin (worn)
Wands
 h - a wand of flame (7)
Scrolls
 g - a scroll of blinking
 k - a scroll of torment {unknown}
 l - 3 scrolls of identify
 n - 3 scrolls of immolation {unknown}
Potions
 b - 2 potions of curing
 c - 2 potions of heal wounds
 d - a potion of haste
 e - 2 potions of magic
 f - a potion of berserk rage
 i - a potion of lignification {unknown}
 j - 2 potions of mutation
 m - 3 potions of enlightenment


   Skills:
 + Level 4.3 Fighting
 + Level 4.3 Dodging
 + Level 5.2 Unarmed Combat


You had 2 spell levels left.
You didn't know any spells.
Your spell library was empty.

Dungeon Overview and Level Annotations

Branches:
Dungeon (1/1)

Altars:


Innate Abilities, Weirdness & Mutations

You are too large for most types of armour.
You have claws for hands.
Your natural rate of healing is unusually fast.
You are covered in fur. (AC +1)
You have tough skin. (AC +1)
You are agile. (Dex +4, Str/Int -1)
You are strong-willed. (Will+)


Message History

m - 3 potions of enlightenment (gained 2)
You now have 16 gold pieces (gained 11).
It was a potion of mutation.
You feel extremely strange.
You feel agile.
You feel strong-willed.
There is an open door here.
You enter the shallow water.
You enter the shallow water.
You open the door.
A water elemental comes into view.
The water elemental moves out of view.
The water elemental hits you!!
The water elemental engulfs you in water!
There is an open door to the Ecumenical Temple, spattered with blood here.
You cannot call out to Trog while unable to breathe.
You slip free of the water engulfing you.
You gasp with relief as air once again reaches your lungs.
The water elemental attacks as it pursues you!
The water elemental completely misses you.
A red film seems to cover your vision as you go berserk!
You feel yourself moving faster!
You feel mighty! The water elemental closely misses you.
You barely miss the water elemental. The water elemental hits you!
The water elemental engulfs you in water!
You mangle the water elemental!!
The water elemental is severely damaged.
Your lungs strain for air!
You scratch the water elemental.
The water elemental is severely damaged.
* * * LOW HITPOINT WARNING * * *
Your lungs strain for air!
The water elemental hits you!
* * * LOW HITPOINT WARNING * * *
You barely miss the water elemental.
The water elemental is severely damaged.
* * * LOW HITPOINT WARNING * * *
Your lungs strain for air!
The water elemental closely misses you.
You claw the water elemental!
The water elemental is almost destroyed.
You die...

▓▓▓▓▓▓▓▓▓▓▓▓ ▓▓▓
<.#..'...♣.♣♣ ♣.#
..#..#....♣.♣ ♣♣.#
#'####....♣♣♣ ♣..#
.....#....~♣♣ ♣♣.###+#+##
.....#...~~.♣♣♣..#.......
.....#..~~~~♣...@E.⌠.....
####'#..~≈≈~~~.♣.#...####
..)..#.~~≈~~~....#.⌠.#
.....#.~≈~~~.....#...#
.....#.~~~.......#+###
'#####...........#
.................#
▓▓▓▓▓▓▓▓▓▓▓▓▓▓▓▓▓▓


You could see a water elemental.

Vanquished Creatures
  Jessica (D)
  A human (D)
  A wolf (D)
  2 rats (D)
5 creatures vanquished.

Notes
Turn   | Place    | Note
-------+----------+-------------------------------------------
     0 | D        | sircluck the Troll Berserker began the quest for the Orb.
     0 | D        | Reached XP level 1. HP: 22/22 MP: 0/0
    10 | D        | Noticed Jessica
    12 | D        | Killed Jessica
    12 | D        | Reached ** piety under Trog
    13 | D        | Reached skill level 4 in Unarmed Combat
    13 | D        | Reached XP level 2. HP: 32/32 MP: 1/1
    38 | D        | Reached XP level 3. HP: 39/39 MP: 2/2
    51 | D        | Reached skill level 5 in Unarmed Combat
    67 | D        | Gained mutation: You are agile. (Dex +4, Str/Int -1)
                  | [potion of mutation]
    67 | D        | Gained mutation: You are strong-willed. (Will+) [potion of
                  | mutation]
    88 | D        | Noticed a water elemental
    95 | D        | HP: 2/60 [drowned by a water elemental (3)]
    96 | D        | Drowned by a water elemental

Illustrated notes

Levels and vault maps discovered:
D:        dungeon_sprint_mu [sprint_mu_entry_forest, sprint_mu_temple_rooms,
          sprint_mu_d1_spiders, sprint_mu_d2_genie, sprint_mu_d3_branching,
          sprint_mu_orc_legion, sprint_mu_elf_gauntlet, sprint_mu_hive_nellie,
          sprint_mu_lair_fedhas, sprint_mu_vaults_butterflies,
          sprint_mu_slime_circle, sprint_mu_shoals_archi,
          sprint_mu_snake_twists, sprint_mu_blade_basic, sprint_mu_crypt_lich,
          sprint_mu_tomb_spiral, sprint_mu_vestibule_basic,
          sprint_mu_gehenna_hellfire, sprint_mu_dis_giant,
          sprint_mu_tartarus_statrot, sprint_mu_cocytus_islands, sprint_mu_zot1]

Skill      XL: |  1  2  3 |
---------------+----------+-----
Fighting       | 3 4 |  4.3
Dodging        | 3 4 |  4.3
Unarmed Combat | 4 5 |  5.2

Action                     || total
---------------------------++-------
  Melee: Unarmed           ||    17
 Invoke: Berserk           ||     1
    Use: Potion            ||     1
 Armour: Animal skin       ||    10
  Dodge: Dodged            ||    10

Table legend: (Time is in decaauts)
 A = Elapsed time spent in this place.
 B = Non-inter-level travel time spent in this place.
 C = Inter-level travel time spent in this place.
 D = Time resting spent in this place.
 E = Time spent auto-exploring this place.
 F = Levels seen in this place.
 G = Mean time per level.
                   A        B        C        D        E       F      G
               +--------+--------+--------+--------+--------+-----+--------+
         Total |     93 |     93 |      0 |      0 |     25 |   1 |   93.0 |
       Dungeon |     93 |     93 |      0 |      0 |     25 |   1 |   93.0 |
               +--------+--------+--------+--------+--------+-----+--------+

Top non-repeatable levels by time:
       D: 93 daAuts
